Dallas Stars vs Colorado Avalanche

Created - samedi 24 novembre 2018 at 19:00

Goals
1 2 3 T
Dallas Stars 0 0 1 1
Colorado Avalanche 0 2 2 4
Shots
1 2 3 T
Dallas Stars 5 9 14 28
Colorado Avalanche 3 13 14 30

1st period

No Goal

Penalties :
No Penalty

2nd period

1. Colorado Avalanche , Brayden Point 5 (Alexander Kerfoot 6) at 5:15 (PP)
2. Colorado Avalanche , Jason Spezza 2 (Brayden Point 8, Jaromir Jagr 3) at 8:04

Penalties :
Mark Scheifele (DAL) for High sticking (Minor) at 4:40, Zach Bogosian (COL) for Holding (Minor) at 13:10

3rd period

3. Colorado Avalanche , Matt Duchene 6 (Nick Holden 4) at 3:01
4. Colorado Avalanche , Alexander Kerfoot 4 (Brayden Point 9, Dougie Hamilton 8) at 11:19
5. Dallas Stars , Viktor Arvidsson 10 (Mark Scheifele 13, Ryan Ellis 11) at 11:37

Penalties :
Jaromir Jagr (COL) for Slashing (Minor) at 5:49, Matthew Tkachuk (DAL) for Hooking (Minor) at 14:24

Goalie Stats

Carter Hutton (DAL), 26 saves from 30 shots - (0.867), L, 4-1-0, 60:00 minutes
Semyon Varlamov (COL), 27 saves from 28 shots - (0.964), W, 10-9-2, 60:00 minutes

Players Stats for Dallas Stars

Player Name              G  A  P  +/- PIM S  H  SB GA TA FO     MP     PP MP  PK MP  
------------------------------------------------------------------------------------
Carl Soderberg           0  0  0   0  0   2  2  0  0  2  4/8    15:20   1:20   0:18 
Colton Parayko           0  0  0  -1  0   0  1  1  1  1  0/0    20:48   1:57   1:47 
Derek Grant              0  0  0   0  0   0  1  0  0  0  0/0    12:00   0:46   0:18 
Devin Shore              0  0  0   0  0   2  1  0  0  1  0/1    13:46   0:20   0:00 
James Neal               0  0  0   0  0   0  3  0  0  0  1/2    19:13   1:38   0:00 
John Klingberg           0  0  0   1  0   2  2  1  2  0  0/0    20:54   2:01   0:47 
Kyle Connor              0  0  0  -2  0   5  2  0  1  1  1/1    14:57   2:12   0:00 
Loui Eriksson            0  0  0  -2  0   0  1  0  0  0  0/0    14:24   0:03   1:05 
Mark Scheifele           0  1  1   0  2   6  1  1  1  0  5/20   19:57   2:07   0:00 
Matthew Tkachuk          0  0  0   0  2   3  1  1  0  0  0/1    14:45   1:16   0:00 
Mirco Mueller            0  0  0  -2  0   0  0  1  0  1  0/0    15:43   0:00   0:20 
Oscar Klefbom            0  0  0  -1  0   0  1  0  0  1  0/0    20:10   0:00   0:47 
Pierre-Edouard Bellemare 0  0  0  -2  0   1  1  0  0  2  4/9    13:59   0:00   1:11 
Riley Sheahan            0  0  0   0  0   1  0  0  0  0  1/5    11:52   0:00   1:05 
Ryan Ellis               0  1  1   1  0   0  0  2  0  2  0/0    20:57   2:01   1:27 
Tom Wilson               0  0  0   0  0   1  1  0  0  0  0/0    12:17   0:00   1:11 
Trevor Daley             0  0  0  -2  0   1  0  2  0  0  0/0    16:42   1:57   0:00 
Viktor Arvidsson         1  0  1   0  0   4  2  0  2  0  1/1    19:40   2:12   0:00 

Players Stats for Colorado Avalanche

Player Name              G  A  P  +/- PIM S  H  SB GA TA FO     MP     PP MP  PK MP  
------------------------------------------------------------------------------------
Alexander Kerfoot        1  1  2   2  0   2  3  0  2  0  0/0    15:59   1:14   0:00 
Brayden Point            1  2  3   2  0   3  2  0  1  0  0/2    18:27   1:14   2:02 
Dominic Moore            0  0  0  -1  0   1  7  0  0  1  8/10   14:47   0:05   1:49 
Dougie Hamilton          0  1  1   1  0   1  1  0  0  1  0/0    17:44   1:15   1:02 
Gabriel Landeskog        0  0  0   1  0   5  1  0  0  1  0/0    17:39   1:15   2:02 
Gustav Nyquist           0  0  0   0  0   0  3  0  0  0  0/0    13:25   0:05   0:07 
Jaromir Jagr             0  1  1  -1  2   2  1  0  0  0  0/0    13:28   0:05   0:00 
Jason Spezza             1  0  1   2  0   1  0  0  0  0  9/13   15:34   1:14   0:00 
Kris Versteeg            0  0  0  -1  0   1  1  0  1  0  0/1    13:09   0:00   0:00 
Lars Eller               0  0  0   0  0   1  1  0  0  0  6/11   14:38   0:00   1:49 
Mark Barberio            0  0  0   1  0   1  3  3  0  2  0/0    21:13   1:19   1:57 
Matt Duchene             1  0  1   1  0   3  1  0  1  0  0/0    15:03   1:15   0:00 
Nathan MacKinnon         0  0  0   1  0   1  4  0  1  0  7/10   15:09   1:15   0:00 
Nick Holden              0  1  1   0  0   3  1  0  1  0  0/0    20:46   1:19   2:01 
Nikita Zadorov           0  0  0   1  0   2  1  0  1  1  0/0    18:05   0:00   1:57 
Sven Andrighetto         0  0  0   0  0   1  2  0  0  0  1/1    13:02   0:00   0:07 
Tyson Barrie             0  0  0   1  0   2  3  0  2  1  0/0    18:38   1:15   0:00 
Zach Bogosian            0  0  0   0  2   0  2  0  1  0  0/0    19:14   0:00   0:59 

3 Stars

1 - Brayden Point (COL)
2 - Alexander Kerfoot (COL)
3 - Semyon Varlamov (COL)

Power Play

Dallas Stars - 0 on 2 Attempt(s) - 0.00%
Colorado Avalanche - 1 on 2 Attempt(s) - 50.00%

Penalty Kill

Dallas Stars - 1 on 2 Attempt(s) - 50.00% - Score 0 goal in Penalty Kill
Colorado Avalanche - 2 on 2 Attempt(s) - 100.00% - Score 0 goal in Penalty Kill

Team Stat

Dallas Stars - Hits : 20 - Faceoff Wins : 17 - Blocked Shots : 9 - Penalty Minutes : 4
Colorado Avalanche - Hits : 37 - Faceoff Wins : 31 - Blocked Shots : 3 - Penalty Minutes : 4

Official

Referees : Graham Skilliter and Ghislain Hebert
Linesman : Devin Berg and Michel Cormier

Game Notes

No Game Note

Finance

Level 1 -- Attendance: 9191 (91.91%) -- Ticket Income fr. 735'280
Level 2 -- Attendance: 1611 (80.55%) -- Ticket Income fr. 104'715
Level 3 -- Attendance: 2961 (84.60%) -- Ticket Income fr. 103'635
Level 4 -- Attendance: 1299 (89.59%) -- Ticket Income fr. 25'980
Luxury Box -- Attendance: 45 (90.00%) -- Ticket Income fr. 9'000
Game was played at the Pepsi Center.
Total Attendance: 15107 (88.86%)
Total Ticket Income: fr. 978'610
Total Income: fr. 978'610

Dallas Stars

5 vs 5 Forward 
   Center                   Left Wing                Right Wing               Time % Phy DF OF 
 1 Mark Scheifele           Viktor Arvidsson         James Neal               32     1   1  3  
 2 Pierre-Edouard Bellemare Kyle Connor              Loui Eriksson            27     1   2  2  
 3 Carl Soderberg           Matthew Tkachuk          Devin Shore              25     1   3  1  
 4 Riley Sheahan            Derek Grant              Tom Wilson               16     2   3  0  

5 vs 5 Defense 
   Defense                  Defense                                           Time % Phy DF OF 
 1 John Klingberg           Ryan Ellis                                        32     1   2  2  
 2 Colton Parayko           Oscar Klefbom                                     30     1   2  2  
 3 Mirco Mueller            Trevor Daley                                      28     2   3  0  
 4 John Klingberg           Oscar Klefbom                                     10     1   4  0  

PowerPlay Forward 
   Center                   Left Wing                Right Wing               Time % Phy DF OF 
 1 Mark Scheifele           Kyle Connor              Viktor Arvidsson         52     0   0  5  
 2 Carl Soderberg           Matthew Tkachuk          James Neal               48     0   0  5  

PowerPlay Defense
   Defense                  Defense                                           Time % Phy DF OF 
 1 John Klingberg           Ryan Ellis                                        50     0   0  5  
 2 Colton Parayko           Trevor Daley                                      50     0   0  5  

Penalty Kill 4 Players Forward 
   Center                   Wing                     Time % Phy DF OF 
 1 Pierre-Edouard Bellemare Tom Wilson               52     0   5  0  
 2 Riley Sheahan            Loui Eriksson            48     0   5  0  

Penalty Kill 4 Players Defense
   Defense                  Defense                  Time % Phy DF OF 
 1 Colton Parayko           Ryan Ellis               52     0   5  0  
 2 John Klingberg           Oscar Klefbom            48     0   5  0  

Penalty Kill - 3 Players Forward 
   Forward                                           Time % Phy DF OF 
 1 Pierre-Edouard Bellemare                          52     0   5  0  
 2 Riley Sheahan                                     48     0   5  0  

Penalty Kill - 3 Players Defense
   Defense                  Defense                  Time % Phy DF OF 
 1 Colton Parayko           Ryan Ellis               52     0   5  0  
 2 John Klingberg           Oscar Klefbom            48     0   5  0  

4 vs 4 Forward 
   Center                   Wing                     Time % Phy DF OF 
 1 Mark Scheifele           Loui Eriksson            52     0   2  3  
 2 Carl Soderberg           Matthew Tkachuk          48     0   2  3  

4 vs 4 Defense
   Defense                  Defense                  Time % Phy DF OF 
 1 Colton Parayko           Oscar Klefbom            65     0   2  3  
 2 Mirco Mueller            Trevor Daley             35     0   2  3  

Last Minutes Offensive
   Center                   Left Wing                Right Wing               Defense                  Defense                  
   Mark Scheifele           Viktor Arvidsson         James Neal               John Klingberg           Ryan Ellis               

Last Minutes Defensive
   Center                   Left Wing                Right Wing               Defense                  Defense                  
   Pierre-Edouard Bellemare Riley Sheahan            Tom Wilson               Trevor Daley             Ryan Ellis               

Goaltenders
Starting : Carter Hutton            
Backup : Jake Allen               

Extra Forwards
Normal : James Neal, Mark Scheifele, Viktor Arvidsson - PP : James Neal, Mark Scheifele - PK : Pierre-Edouard Bellemare
Extra Defensemen
Normal : Trevor Daley, John Klingberg, Ryan Ellis - PP : John Klingberg - PK : John Klingberg, Ryan Ellis
Penalty Shots
Mark Scheifele, Matthew Tkachuk, Viktor Arvidsson, James Neal, Kyle Connor
Custom OT Lines Forwards
Viktor Arvidsson, Mark Scheifele, James Neal, Carl Soderberg, Kyle Connor, Matthew Tkachuk, Loui Eriksson, Tom Wilson, Riley Sheahan, Derek Grant
Custom OT Lines Defensemen
Ryan Ellis, John Klingberg, Colton Parayko, Trevor Daley, Oscar Klefbom

Scratches
Joe Morrow (Sprained Right Ankle Injury), Stephen Johns (Left Hand Injury), Jack Campbell (Healthy)

Colorado Avalanche

5 vs 5 Forward 
   Center                   Left Wing                Right Wing               Time % Phy DF OF 
 1 Nathan MacKinnon         Gabriel Landeskog        Matt Duchene             25     0   2  3  
 2 Jason Spezza             Alexander Kerfoot        Brayden Point            25     1   2  2  
 3 Lars Eller               Sven Andrighetto         Gustav Nyquist           25     0   3  2  
 4 Dominic Moore            Kris Versteeg            Jaromir Jagr             25     0   3  2  

5 vs 5 Defense 
   Defense                  Defense                                           Time % Phy DF OF 
 1 Nikita Zadorov           Dougie Hamilton                                   33     0   3  2  
 2 Mark Barberio            Tyson Barrie                                      33     0   4  1  
 3 Zach Bogosian            Nick Holden                                       33     0   4  1  
 4 Nikita Zadorov           Dougie Hamilton                                   1      0   4  1  

PowerPlay Forward 
   Center                   Left Wing                Right Wing               Time % Phy DF OF 
 1 Nathan MacKinnon         Gabriel Landeskog        Matt Duchene             50     0   0  5  
 2 Jason Spezza             Alexander Kerfoot        Brayden Point            50     0   0  5  

PowerPlay Defense
   Defense                  Defense                                           Time % Phy DF OF 
 1 Dougie Hamilton          Tyson Barrie                                      50     0   1  4  
 2 Mark Barberio            Nick Holden                                       50     0   1  4  

Penalty Kill 4 Players Forward 
   Center                   Wing                     Time % Phy DF OF 
 1 Dominic Moore            Lars Eller               50     0   4  1  
 2 Brayden Point            Gabriel Landeskog        50     0   4  1  

Penalty Kill 4 Players Defense
   Defense                  Defense                  Time % Phy DF OF 
 1 Nikita Zadorov           Mark Barberio            50     0   5  0  
 2 Nick Holden              Zach Bogosian            50     0   5  0  

Penalty Kill - 3 Players Forward 
   Forward                                           Time % Phy DF OF 
 1 Lars Eller                                        50     0   4  1  
 2 Dominic Moore                                     50     0   4  1  

Penalty Kill - 3 Players Defense
   Defense                  Defense                  Time % Phy DF OF 
 1 Nikita Zadorov           Mark Barberio            50     0   5  0  
 2 Nick Holden              Zach Bogosian            50     0   5  0  

4 vs 4 Forward 
   Center                   Wing                     Time % Phy DF OF 
 1 Nathan MacKinnon         Gabriel Landeskog        50     0   0  5  
 2 Brayden Point            Matt Duchene             50     0   0  5  

4 vs 4 Defense
   Defense                  Defense                  Time % Phy DF OF 
 1 Nikita Zadorov           Tyson Barrie             50     0   4  1  
 2 Dougie Hamilton          Nick Holden              50     0   4  1  

Last Minutes Offensive
   Center                   Left Wing                Right Wing               Defense                  Defense                  
   Nathan MacKinnon         Gabriel Landeskog        Brayden Point            Tyson Barrie             Dougie Hamilton          

Last Minutes Defensive
   Center                   Left Wing                Right Wing               Defense                  Defense                  
   Lars Eller               Gabriel Landeskog        Brayden Point            Nikita Zadorov           Mark Barberio            

Goaltenders
Starting : Semyon Varlamov          
Backup : Jonathan Bernier         

Extra Forwards
Normal : Alexander Kerfoot, Jason Spezza, Sven Andrighetto - PP : Alexander Kerfoot, Jason Spezza - PK : Sven Andrighetto
Extra Defensemen
Normal : Mark Barberio, Zach Bogosian, Dougie Hamilton - PP : Mark Barberio - PK : Zach Bogosian, Dougie Hamilton
Penalty Shots
Nathan MacKinnon, Gabriel Landeskog, Brayden Point, Matt Duchene, Gustav Nyquist
Custom OT Lines Forwards
Nathan MacKinnon, Gabriel Landeskog, Brayden Point, Matt Duchene, Gustav Nyquist, Alexander Kerfoot, Sven Andrighetto, Lars Eller, Jason Spezza, Jaromir Jagr
Custom OT Lines Defensemen
Nikita Zadorov, Tyson Barrie, Dougie Hamilton, Nick Holden, Mark Barberio

Scratches
Zack Kassian (Healthy), David Booth (Healthy)

% Time on Ice - Dallas Stars

Lines # - Real PCT - Wanted PCT - Time Play
Normal Forward
1 - 32% - 32% - 17:09
2 - 27% - 27% - 14:22
3 - 25% - 25% - 13:14
4 - 16% - 16% - 8:43
Normal Defense
1 - 33% - 32% - 17:30
2 - 31% - 30% - 16:28
3 - 28% - 28% - 15:09
4 - 8% - 10% - 4:21
PP Forward
1 - 59% - 52% - 2:20
2 - 41% - 48% - 1:38
PP Defense
1 - 51% - 50% - 2:01
2 - 49% - 50% - 1:57
PK Forward
1 - 58% - 52% - 1:29
2 - 42% - 48% - 1:05
PK Defense
1 - 69% - 52% - 1:47
2 - 31% - 48% - 0:47
PK3 Forward
1 - 0% - 52%
2 - 0% - 48%
PK3 Defense
1 - 0% - 52%
2 - 0% - 48%
44 Forward
1 - 0% - 52%
2 - 0% - 48%
44 Defense
1 - 0% - 65%
2 - 0% - 35%
Last Minute Offensive  - 0:00
Last Minute Defensive  - 0:00
Total
Forward - 60:00
Defense - 60:00

% Time on Ice - Colorado Avalanche

Lines # - Real PCT - Wanted PCT - Time Play
Normal Forward
1 - 25% - 25% - 13:20
2 - 26% - 25% - 14:03
3 - 25% - 25% - 13:07
4 - 24% - 25% - 12:58
Normal Defense
1 - 33% - 33% - 17:35
2 - 33% - 33% - 17:41
3 - 33% - 33% - 17:40
4 - 1% - 1% - 0:32
PP Forward
1 - 52% - 50% - 1:20
2 - 48% - 50% - 1:14
PP Defense
1 - 49% - 50% - 1:15
2 - 51% - 50% - 1:19
PK Forward
1 - 46% - 50% - 1:49
2 - 54% - 50% - 2:09
PK Defense
1 - 49% - 50% - 1:57
2 - 51% - 50% - 2:01
PK3 Forward
1 - 0% - 50%
2 - 0% - 50%
PK3 Defense
1 - 0% - 50%
2 - 0% - 50%
44 Forward
1 - 0% - 50%
2 - 0% - 50%
44 Defense
1 - 0% - 50%
2 - 0% - 50%
Last Minute Offensive  - 0:00
Last Minute Defensive  - 0:00
Total
Forward - 60:00
Defense - 60:00

Play-by-Play

1st period


0:01 of 1st period - Nathan MacKinnon wins face-off versus Mark Scheifele in neutral zone.
0:06 of 1st period - Snap shot by Nathan MacKinnon.
0:06 of 1st period - Stopped by Carter Hutton with a rebound.
0:11 of 1st period - Off-side.
0:12 of 1st period - Jason Spezza wins face-off versus Pierre-Edouard Bellemare in neutral zone.
0:37 of 1st period - Tyson Barrie is hit by Devin Shore and loses puck.
0:44 of 1st period - Colton Parayko is hit by Gustav Nyquist and loses puck.
1:23 of 1st period - Slapshot by Nathan MacKinnon.
1:23 of 1st period - Shot Misses the Net.
1:25 of 1st period - Backhand shot by Nikita Zadorov.
1:25 of 1st period - Deflect By Oscar Klefbom.
1:25 of 1st period - Stopped by Carter Hutton without a rebound.
1:26 of 1st period - Mark Scheifele wins face-off versus Lars Eller in Dallas Stars zone.
2:31 of 1st period - Slapshot by Mark Scheifele.
2:31 of 1st period - Stopped by Semyon Varlamov without a rebound.
2:32 of 1st period - Nathan MacKinnon wins face-off versus James Neal in Colorado Avalanche zone.
2:37 of 1st period - Viktor Arvidsson is hit by Nathan MacKinnon and loses puck.
3:15 of 1st period - Snap shot by Gabriel Landeskog.
3:15 of 1st period - Shot Blocked by Mark Scheifele.
3:17 of 1st period - Wrist shot by Nathan MacKinnon.
3:17 of 1st period - Shot Misses the Net.
3:19 of 1st period - Snap shot by Gabriel Landeskog.
3:19 of 1st period - Stopped by Carter Hutton with a rebound.
3:31 of 1st period - Wrist shot by Nathan MacKinnon.
3:31 of 1st period - Shot Misses the Net.
4:31 of 1st period - Snap shot by Viktor Arvidsson.
4:31 of 1st period - Shot Misses the Net.
4:33 of 1st period - Slapshot by Trevor Daley.
4:33 of 1st period - Shot Misses the Net.
4:35 of 1st period - Slapshot by Trevor Daley.
4:35 of 1st period - Shot Misses the Net.
4:37 of 1st period - Slapshot by Trevor Daley.
4:37 of 1st period - Shot Misses the Net.
4:43 of 1st period - Snap shot by Mark Scheifele.
4:43 of 1st period - Shot Misses the Net.
5:31 of 1st period - Slapshot by Viktor Arvidsson.
5:31 of 1st period - Shot Misses the Net.
5:33 of 1st period - Slapshot by Viktor Arvidsson.
5:33 of 1st period - Shot Misses the Net.
5:43 of 1st period - Backhand shot by Viktor Arvidsson.
5:43 of 1st period - Stopped by Semyon Varlamov with a rebound.
5:47 of 1st period - Snap shot by Mark Scheifele.
5:47 of 1st period - Stopped by Semyon Varlamov with a rebound.
6:07 of 1st period - Wrist shot by Mark Scheifele.
6:07 of 1st period - Shot Misses the Net.
6:21 of 1st period - Mirco Mueller is hit by Matt Duchene and loses puck.
6:32 of 1st period - Wrist shot by Mark Scheifele.
6:32 of 1st period - Stopped by Semyon Varlamov with a rebound.
6:34 of 1st period - Wrist shot by Mark Scheifele.
6:34 of 1st period - Stopped by Semyon Varlamov without a rebound.
6:35 of 1st period - Jason Spezza wins face-off versus Pierre-Edouard Bellemare in Colorado Avalanche zone.
6:35 of 1st period - Jason Spezza is hit by John Klingberg.
6:43 of 1st period - John Klingberg is hit by Alexander Kerfoot.
8:05 of 1st period - John Klingberg is hit by Dougie Hamilton.
8:23 of 1st period - Oscar Klefbom is hit by Gustav Nyquist.
9:15 of 1st period - Matthew Tkachuk is hit by Dominic Moore.
13:22 of 1st period - John Klingberg is hit by Jaromir Jagr and loses puck.
15:54 of 1st period - Oscar Klefbom is hit by Dominic Moore and loses puck.
19:13 of 1st period - Oscar Klefbom is hit by Tyson Barrie and loses puck.
Goals for this period are 0 for Dallas Stars vs 0 for Colorado Avalanche.
Shots for this period are 5 for Dallas Stars vs 3 for Colorado Avalanche.

2nd period


0:01 of 2nd period - Jason Spezza wins face-off versus Riley Sheahan in neutral zone.
0:26 of 2nd period - Oscar Klefbom is hit by Dominic Moore and loses puck.
0:33 of 2nd period - Snap shot by Jaromir Jagr.
0:33 of 2nd period - Stopped by Carter Hutton with a rebound.
0:35 of 2nd period - Snap shot by Kris Versteeg.
0:35 of 2nd period - Shot Misses the Net.
1:07 of 2nd period - Snap shot by Nathan MacKinnon.
1:07 of 2nd period - Deflect By Gabriel Landeskog.
1:07 of 2nd period - Stopped by Carter Hutton with a rebound.
1:09 of 2nd period - Snap shot by Nathan MacKinnon.
1:09 of 2nd period - Shot Misses the Net.
1:11 of 2nd period - Slapshot by Nick Holden.
1:11 of 2nd period - Stopped by Carter Hutton with a rebound.
1:41 of 2nd period - Oscar Klefbom is hit by Mark Barberio and loses puck.
1:50 of 2nd period - Backhand shot by Ryan Ellis.
1:50 of 2nd period - Shot Misses the Net.
2:10 of 2nd period - Slapshot by Lars Eller.
2:10 of 2nd period - Shot Blocked by Matthew Tkachuk.
2:22 of 2nd period - Wrist shot by Kyle Connor.
2:22 of 2nd period - Stopped by Semyon Varlamov without a rebound.
2:23 of 2nd period - Pierre-Edouard Bellemare wins face-off versus Nathan MacKinnon in Colorado Avalanche zone.
2:24 of 2nd period - Snap shot by Kyle Connor.
2:24 of 2nd period - Stopped by Semyon Varlamov with a rebound.
2:52 of 2nd period - Snap shot by Matt Duchene.
2:52 of 2nd period - Stopped by Carter Hutton without a rebound.
2:53 of 2nd period - Mark Scheifele wins face-off versus Jason Spezza in Dallas Stars zone.
3:50 of 2nd period - Slapshot by Matt Duchene.
3:50 of 2nd period - Shot Blocked by Trevor Daley.
3:52 of 2nd period - Snap shot by Nathan MacKinnon.
3:52 of 2nd period - Shot Blocked by Trevor Daley.
4:40 of 2nd period - Minor Penalty to Mark Scheifele for High sticking.
4:41 of 2nd period - Pierre-Edouard Bellemare wins face-off versus Nathan MacKinnon in Dallas Stars zone.
5:06 of 2nd period - Loui Eriksson is hit by Alexander Kerfoot and loses puck.
5:13 of 2nd period - Snap shot by Alexander Kerfoot.
5:13 of 2nd period - Shot Misses the Net.
5:15 of 2nd period - Backhand shot by Brayden Point.
5:15 of 2nd period - Goal by Brayden Point - Dallas Stars : 0 - Colorado Avalanche : 1.
5:16 of 2nd period - Jason Spezza wins face-off versus Mark Scheifele in neutral zone.
5:19 of 2nd period - Mark Scheifele is hit by Alexander Kerfoot and loses puck.
5:32 of 2nd period - Zach Bogosian is hit by Mark Scheifele.
5:42 of 2nd period - Colton Parayko is hit by Dominic Moore and loses puck.
5:58 of 2nd period - Icing by Kris Versteeg.
5:59 of 2nd period - Carl Soderberg wins face-off versus Lars Eller in Colorado Avalanche zone.
6:00 of 2nd period - Slapshot by Matthew Tkachuk.
6:00 of 2nd period - Stopped by Semyon Varlamov with a rebound.
6:33 of 2nd period - Off-side.
6:34 of 2nd period - Dominic Moore wins face-off versus Riley Sheahan in neutral zone.
6:37 of 2nd period - Slapshot by Nick Holden.
6:37 of 2nd period - Stopped by Carter Hutton without a rebound.
6:38 of 2nd period - Dominic Moore wins face-off versus Riley Sheahan in Dallas Stars zone.
6:39 of 2nd period - Wrist shot by Jaromir Jagr.
6:39 of 2nd period - Shot Misses the Net.
6:41 of 2nd period - Snap shot by Nick Holden.
6:41 of 2nd period - Shot Misses the Net.
6:43 of 2nd period - Wrist shot by Kris Versteeg.
6:43 of 2nd period - Shot Misses the Net.
7:23 of 2nd period - Nikita Zadorov is hit by Carl Soderberg and loses puck.
8:02 of 2nd period - Slapshot by Brayden Point.
8:02 of 2nd period - Shot Blocked by Mirco Mueller.
8:04 of 2nd period - Snap shot by Jason Spezza.
8:04 of 2nd period - Goal by Jason Spezza - Dallas Stars : 0 - Colorado Avalanche : 2.
8:05 of 2nd period - James Neal wins face-off versus Kris Versteeg in neutral zone.
8:34 of 2nd period - Wrist shot by Devin Shore.
8:34 of 2nd period - Stopped by Semyon Varlamov without a rebound.
8:35 of 2nd period - Carl Soderberg wins face-off versus Jason Spezza in Colorado Avalanche zone.
8:36 of 2nd period - Slapshot by Devin Shore.
8:36 of 2nd period - Deflect By Matthew Tkachuk.
8:36 of 2nd period - Stopped by Semyon Varlamov without a rebound.
8:37 of 2nd period - Sven Andrighetto wins face-off versus Carl Soderberg in Colorado Avalanche zone.
8:46 of 2nd period - Tyson Barrie is hit by Oscar Klefbom and loses puck.
9:08 of 2nd period - Wrist shot by Viktor Arvidsson.
9:08 of 2nd period - Shot Blocked by Mark Barberio.
9:10 of 2nd period - Slapshot by Trevor Daley.
9:10 of 2nd period - Stopped by Semyon Varlamov without a rebound.
9:11 of 2nd period - Riley Sheahan wins face-off versus Dominic Moore in Colorado Avalanche zone.
9:22 of 2nd period - Slapshot by Dougie Hamilton.
9:22 of 2nd period - Stopped by Carter Hutton with a rebound.
9:24 of 2nd period - Wrist shot by Kris Versteeg.
9:24 of 2nd period - Shot Misses the Net.
9:26 of 2nd period - Slapshot by Nikita Zadorov.
9:26 of 2nd period - Deflect By Mirco Mueller.
9:26 of 2nd period - Stopped by Carter Hutton with a rebound.
10:05 of 2nd period - Slapshot by Mark Scheifele.
10:05 of 2nd period - Deflect By Viktor Arvidsson.
10:05 of 2nd period - Stopped by Semyon Varlamov with a rebound.
10:07 of 2nd period - Snap shot by Mark Scheifele.
10:07 of 2nd period - Shot Misses the Net.
10:42 of 2nd period - Wrist shot by Brayden Point.
10:42 of 2nd period - Shot Misses the Net.
10:54 of 2nd period - James Neal is hit by Dominic Moore and loses puck.
11:20 of 2nd period - Icing by Lars Eller.
11:21 of 2nd period - Lars Eller wins face-off versus Pierre-Edouard Bellemare in Colorado Avalanche zone.
11:29 of 2nd period - Icing by Ryan Ellis.
11:30 of 2nd period - Dominic Moore wins face-off versus Pierre-Edouard Bellemare in Dallas Stars zone.
11:39 of 2nd period - Slapshot by Kyle Connor.
11:39 of 2nd period - Stopped by Semyon Varlamov with a rebound.
12:05 of 2nd period - Snap shot by Mark Scheifele.
12:05 of 2nd period - Deflect By James Neal.
12:05 of 2nd period - Shot Misses the Net.
12:05 of 2nd period - Puck is out of play.
12:06 of 2nd period - Nathan MacKinnon wins face-off versus Devin Shore in Colorado Avalanche zone.
12:51 of 2nd period - Colton Parayko is hit by Gustav Nyquist and loses puck.
13:08 of 2nd period - Snap shot by Matthew Tkachuk.
13:08 of 2nd period - Stopped by Semyon Varlamov with a rebound.
13:10 of 2nd period - Minor Penalty to Zach Bogosian for Holding.
13:11 of 2nd period - Mark Scheifele wins face-off versus Brayden Point in Colorado Avalanche zone.
13:20 of 2nd period - Lars Eller is hit by John Klingberg.
13:28 of 2nd period - Wrist shot by Dominic Moore.
13:28 of 2nd period - Stopped by Carter Hutton with a rebound.
13:50 of 2nd period - Brayden Point is hit by Viktor Arvidsson and loses puck.
14:21 of 2nd period - Lars Eller is hit by James Neal and loses puck.
15:10 of 2nd period - Penalty to Zach Bogosian is over, Zach Bogosian is back on ice.
15:26 of 2nd period - Snap shot by Jaromir Jagr.
15:26 of 2nd period - Stopped by Carter Hutton with a rebound.
15:28 of 2nd period - Snap shot by Kris Versteeg.
15:28 of 2nd period - Stopped by Carter Hutton with a rebound.
15:30 of 2nd period - Wrist shot by Kris Versteeg.
15:30 of 2nd period - Shot Blocked by Colton Parayko.
16:18 of 2nd period - Pierre-Edouard Bellemare is hit by Zach Bogosian and loses puck.
16:31 of 2nd period - John Klingberg is hit by Nathan MacKinnon and loses puck.
18:14 of 2nd period - Devin Shore is hit by Dominic Moore and loses puck.
18:35 of 2nd period - Trevor Daley is hit by Sven Andrighetto and loses puck.
18:40 of 2nd period - Snap shot by Lars Eller.
18:40 of 2nd period - Shot Blocked by Ryan Ellis.
18:42 of 2nd period - Slapshot by Mark Barberio.
18:42 of 2nd period - Stopped by Carter Hutton with a rebound.
19:08 of 2nd period - Colton Parayko is hit by Gabriel Landeskog and loses puck.
19:21 of 2nd period - James Neal is hit by Kris Versteeg and loses puck.
19:32 of 2nd period - Mark Scheifele is hit by Nikita Zadorov and loses puck.
19:47 of 2nd period - Devin Shore is hit by Lars Eller and loses puck.
Goals for this period are 0 for Dallas Stars vs 2 for Colorado Avalanche.
Shots for this period are 9 for Dallas Stars vs 13 for Colorado Avalanche.

3rd period


0:01 of 3rd period - Mark Scheifele wins face-off versus Jason Spezza in neutral zone.
0:07 of 3rd period - Off-side.
0:08 of 3rd period - Jason Spezza wins face-off versus Mark Scheifele in neutral zone.
0:17 of 3rd period - Ryan Ellis is hit by Mark Barberio and loses puck.
0:40 of 3rd period - Wrist shot by Matt Duchene.
0:40 of 3rd period - Shot Blocked by John Klingberg.
1:17 of 3rd period - Wrist shot by Alexander Kerfoot.
1:17 of 3rd period - Deflect By Loui Eriksson.
1:17 of 3rd period - Stopped by Carter Hutton with a rebound.
1:29 of 3rd period - Snap shot by Kyle Connor.
1:29 of 3rd period - Shot Misses the Net.
1:31 of 3rd period - Wrist shot by Carl Soderberg.
1:31 of 3rd period - Stopped by Semyon Varlamov without a rebound.
1:32 of 3rd period - Carl Soderberg wins face-off versus Lars Eller in Colorado Avalanche zone.
1:58 of 3rd period - Colton Parayko is hit by Nathan MacKinnon.
1:59 of 3rd period - Icing by Colton Parayko.
2:00 of 3rd period - Nathan MacKinnon wins face-off versus Mark Scheifele in Dallas Stars zone.
2:13 of 3rd period - Slapshot by Mark Scheifele.
2:13 of 3rd period - Shot Misses the Net.
2:15 of 3rd period - Snap shot by Mark Scheifele.
2:15 of 3rd period - Stopped by Semyon Varlamov without a rebound.
2:16 of 3rd period - Jason Spezza wins face-off versus Matthew Tkachuk in Colorado Avalanche zone.
2:42 of 3rd period - Trevor Daley is hit by Tyson Barrie and loses puck.
3:01 of 3rd period - Slapshot by Matt Duchene.
3:01 of 3rd period - Goal by Matt Duchene - Dallas Stars : 0 - Colorado Avalanche : 3.
3:02 of 3rd period - Nathan MacKinnon wins face-off versus Mark Scheifele in neutral zone.
3:07 of 3rd period - Wrist shot by Matt Duchene.
3:07 of 3rd period - Shot Misses the Net.
3:38 of 3rd period - Snap shot by John Klingberg.
3:38 of 3rd period - Shot Misses the Net.
3:41 of 3rd period - Icing by Nikita Zadorov.
3:42 of 3rd period - Jason Spezza wins face-off versus Riley Sheahan in Colorado Avalanche zone.
3:47 of 3rd period - Alexander Kerfoot is hit by Tom Wilson and loses puck.
3:58 of 3rd period - Riley Sheahan is hit by Brayden Point and loses puck.
4:05 of 3rd period - Dougie Hamilton is hit by Derek Grant and loses puck.
4:37 of 3rd period - Backhand shot by Tom Wilson.
4:37 of 3rd period - Stopped by Semyon Varlamov with a rebound.
4:43 of 3rd period - Snap shot by Riley Sheahan.
4:43 of 3rd period - Stopped by Semyon Varlamov with a rebound.
4:45 of 3rd period - Slapshot by Oscar Klefbom.
4:45 of 3rd period - Shot Misses the Net.
4:47 of 3rd period - Wrist shot by Colton Parayko.
4:47 of 3rd period - Shot Misses the Net.
5:01 of 3rd period - Wrist shot by Riley Sheahan.
5:01 of 3rd period - Shot Misses the Net.
5:03 of 3rd period - Backhand shot by Oscar Klefbom.
5:03 of 3rd period - Shot Misses the Net.
5:05 of 3rd period - Slapshot by Derek Grant.
5:05 of 3rd period - Shot Misses the Net.
5:07 of 3rd period - Slapshot by Oscar Klefbom.
5:07 of 3rd period - Deflect By Tom Wilson.
5:07 of 3rd period - Shot Misses the Net.
5:07 of 3rd period - Puck is out of play.
5:08 of 3rd period - Mark Scheifele wins face-off versus Lars Eller in Colorado Avalanche zone.
5:08 of 3rd period - Mark Scheifele is hit by Tyson Barrie.
5:12 of 3rd period - Wrist shot by Mark Scheifele.
5:12 of 3rd period - Shot Misses the Net.
5:34 of 3rd period - Kris Versteeg is hit by Carl Soderberg and loses puck.
5:49 of 3rd period - Minor Penalty to Jaromir Jagr for Slashing.
5:50 of 3rd period - Lars Eller wins face-off versus Mark Scheifele in Colorado Avalanche zone.
5:55 of 3rd period - Dominic Moore is hit by Kyle Connor and loses puck.
6:00 of 3rd period - Wrist shot by Mark Scheifele.
6:00 of 3rd period - Deflect By Kyle Connor.
6:00 of 3rd period - Stopped by Semyon Varlamov with a rebound.
6:02 of 3rd period - Slapshot by John Klingberg.
6:02 of 3rd period - Stopped by Semyon Varlamov without a rebound.
6:03 of 3rd period - Dominic Moore wins face-off versus Mark Scheifele in Colorado Avalanche zone.
6:12 of 3rd period - Slapshot by Ryan Ellis.
6:12 of 3rd period - Shot Misses the Net.
6:33 of 3rd period - Brayden Point is hit by James Neal and loses puck.
7:04 of 3rd period - Icing by Trevor Daley.
7:05 of 3rd period - Dominic Moore wins face-off versus Carl Soderberg in Dallas Stars zone.
7:06 of 3rd period - Wrist shot by Lars Eller.
7:06 of 3rd period - Stopped by Carter Hutton without a rebound.
7:07 of 3rd period - Kyle Connor wins face-off versus Brayden Point in Dallas Stars zone.
7:12 of 3rd period - Zach Bogosian is hit by Viktor Arvidsson and loses puck.
7:21 of 3rd period - Wrist shot by Mark Scheifele.
7:21 of 3rd period - Deflect By Viktor Arvidsson.
7:21 of 3rd period - Stopped by Semyon Varlamov without a rebound.
7:22 of 3rd period - Lars Eller wins face-off versus Carl Soderberg in Colorado Avalanche zone.
7:22 of 3rd period - Lars Eller is hit by James Neal.
7:49 of 3rd period - Penalty to Jaromir Jagr is over, Jaromir Jagr is back on ice.
7:58 of 3rd period - Snap shot by Viktor Arvidsson.
7:58 of 3rd period - Shot Blocked by Mark Barberio.
8:12 of 3rd period - Wrist shot by Gustav Nyquist.
8:12 of 3rd period - Shot Misses the Net.
8:34 of 3rd period - Snap shot by Carl Soderberg.
8:34 of 3rd period - Stopped by Semyon Varlamov with a rebound.
8:36 of 3rd period - Snap shot by Devin Shore.
8:36 of 3rd period - Stopped by Semyon Varlamov without a rebound.
8:37 of 3rd period - Lars Eller wins face-off versus Mark Scheifele in Colorado Avalanche zone.
8:44 of 3rd period - Viktor Arvidsson is hit by Nick Holden and loses puck.
9:03 of 3rd period - Matt Duchene is hit by Loui Eriksson and loses puck.
9:20 of 3rd period - Matthew Tkachuk is hit by Dominic Moore and loses puck.
9:47 of 3rd period - Wrist shot by Brayden Point.
9:47 of 3rd period - Stopped by Carter Hutton without a rebound.
9:48 of 3rd period - Jason Spezza wins face-off versus Mark Scheifele in Dallas Stars zone.
10:29 of 3rd period - Slapshot by Nathan MacKinnon.
10:29 of 3rd period - Deflect By Matt Duchene.
10:29 of 3rd period - Shot Misses the Net.
10:29 of 3rd period - Puck is out of play.
10:30 of 3rd period - Carl Soderberg wins face-off versus Lars Eller in Dallas Stars zone.
11:19 of 3rd period - Wrist shot by Alexander Kerfoot.
11:19 of 3rd period - Goal by Alexander Kerfoot - Dallas Stars : 0 - Colorado Avalanche : 4.
11:20 of 3rd period - Dominic Moore wins face-off versus Mark Scheifele in neutral zone.
11:23 of 3rd period - Slapshot by Nick Holden.
11:23 of 3rd period - Stopped by Carter Hutton without a rebound.
11:24 of 3rd period - Dominic Moore wins face-off versus Mark Scheifele in Dallas Stars zone.
11:35 of 3rd period - Wrist shot by Mark Scheifele.
11:35 of 3rd period - Shot Misses the Net.
11:37 of 3rd period - Wrist shot by Mark Scheifele.
11:37 of 3rd period - Deflect By Viktor Arvidsson.
11:37 of 3rd period - Goal by Viktor Arvidsson - Dallas Stars : 1 - Colorado Avalanche : 4.
11:38 of 3rd period - Nathan MacKinnon wins face-off versus Mark Scheifele in neutral zone.
11:41 of 3rd period - Slapshot by Tyson Barrie.
11:41 of 3rd period - Stopped by Carter Hutton with a rebound.
11:43 of 3rd period - Snap shot by Matt Duchene.
11:43 of 3rd period - Stopped by Carter Hutton with a rebound.
11:45 of 3rd period - Slapshot by Gabriel Landeskog.
11:45 of 3rd period - Stopped by Carter Hutton with a rebound.
11:47 of 3rd period - Snap shot by Matt Duchene.
11:47 of 3rd period - Shot Misses the Net.
11:49 of 3rd period - Wrist shot by Matt Duchene.
11:49 of 3rd period - Shot Blocked by Ryan Ellis.
12:03 of 3rd period - Lars Eller is hit by Pierre-Edouard Bellemare and loses puck.
12:38 of 3rd period - Nikita Zadorov is hit by Matthew Tkachuk and loses puck.
13:01 of 3rd period - John Klingberg is hit by Mark Barberio.
13:19 of 3rd period - Mirco Mueller is hit by Zach Bogosian and loses puck.
13:26 of 3rd period - Snap shot by Sven Andrighetto.
13:26 of 3rd period - Stopped by Carter Hutton with a rebound.
13:28 of 3rd period - Slapshot by Dougie Hamilton.
13:28 of 3rd period - Shot Misses the Net.
13:40 of 3rd period - Kris Versteeg is hit by Kyle Connor and loses puck.
14:03 of 3rd period - James Neal is hit by Brayden Point and loses puck.
14:19 of 3rd period - Off-side.
14:20 of 3rd period - Nathan MacKinnon wins face-off versus Carl Soderberg in neutral zone.
14:24 of 3rd period - Minor Penalty to Matthew Tkachuk for Hooking.
14:25 of 3rd period - Pierre-Edouard Bellemare wins face-off versus Jason Spezza in Dallas Stars zone.
16:24 of 3rd period - Penalty to Matthew Tkachuk is over, Matthew Tkachuk is back on ice.
16:35 of 3rd period - Snap shot by Mark Scheifele.
16:35 of 3rd period - Stopped by Semyon Varlamov without a rebound.
16:36 of 3rd period - Lars Eller wins face-off versus Mark Scheifele in Colorado Avalanche zone.
16:41 of 3rd period - Trevor Daley is hit by Sven Andrighetto and loses puck.
17:02 of 3rd period - Snap shot by Tyson Barrie.
17:02 of 3rd period - Stopped by Carter Hutton with a rebound.
17:10 of 3rd period - Wrist shot by Carl Soderberg.
17:10 of 3rd period - Shot Blocked by Mark Barberio.
17:22 of 3rd period - Snap shot by Loui Eriksson.
17:22 of 3rd period - Deflect By Pierre-Edouard Bellemare.
17:22 of 3rd period - Stopped by Semyon Varlamov with a rebound.
17:24 of 3rd period - Slapshot by John Klingberg.
17:24 of 3rd period - Stopped by Semyon Varlamov without a rebound.
17:25 of 3rd period - Pierre-Edouard Bellemare wins face-off versus Nathan MacKinnon in Colorado Avalanche zone.
17:51 of 3rd period - Ryan Ellis is hit by Nathan MacKinnon.
18:17 of 3rd period - Wrist shot by Gabriel Landeskog.
18:17 of 3rd period - Stopped by Carter Hutton with a rebound.
18:19 of 3rd period - Slapshot by Gabriel Landeskog.
18:19 of 3rd period - Stopped by Carter Hutton without a rebound.
18:20 of 3rd period - Viktor Arvidsson wins face-off versus Dominic Moore in Dallas Stars zone.
18:35 of 3rd period - Dominic Moore is hit by Colton Parayko and loses puck.
19:12 of 3rd period - Snap shot by Brayden Point.
19:12 of 3rd period - Stopped by Carter Hutton without a rebound.
19:13 of 3rd period - Jason Spezza wins face-off versus Mark Scheifele in Dallas Stars zone.
19:29 of 3rd period - Off-side.
19:30 of 3rd period - Dominic Moore wins face-off versus Pierre-Edouard Bellemare in neutral zone.
19:45 of 3rd period - Snap shot by Kyle Connor.
19:45 of 3rd period - Stopped by Semyon Varlamov without a rebound.
19:46 of 3rd period - Lars Eller wins face-off versus Mark Scheifele in Colorado Avalanche zone.
Goals for this period are 1 for Dallas Stars vs 2 for Colorado Avalanche.
Shots for this period are 14 for Dallas Stars vs 14 for Colorado Avalanche.